 Seeded DCSS version 0.27-a0-448-gace5c5693b (webtiles) character file.

Game seed: 19781204 (custom seed)

2 Snicker the Sneak (level 1, -2/18 HPs)
             Began as a Demonspawn Delver on Feb 27, 2021.
             Slain by a centaur skeleton (6 damage)
             ... on level 6 of the Dungeon.
             The game lasted 00:00:38 (363 turns).

Snicker the Sneak (Demonspawn Delver)                Turns: 363, Time: 00:00:38

Health: -2/18      AC:  3    Str: 12    XL:     1   Next: 25%
Magic:  1/1        EV: 12    Int: 11    God:
Gold:   0          SH:  0    Dex: 14    Spells: 0/0 levels left

rFire    . . .     SeeInvis .   a - +0 short sword
rCold    . . .     Faith    .   (no shield)
rNeg     . . .     Spirit   .   b - +0 leather armour
rPois    .         Reflect  .   (no helmet)
rElec    .         Harm     .   (no cloak)
rCorr    .         Rampage  .   (no gloves)
Will     .....                  (no boots)
Stlth    +++.......             (no amulet)
HPRegen  0.06/turn              (no ring)
MPRegen  0.07/turn              (no ring)

@: no status effects
A: no striking features
a: no special abilities


You were on level 6 of the Dungeon.
You visited 1 branch of the dungeon, and saw 2 of its levels.

Inventory:

Hand Weapons
 a - a +0 short sword (weapon)
Armour
 b - a +0 leather armour (worn)
Wands
 g - a wand of digging (3)
Scrolls
 c - a scroll of fog
 d - a scroll of magic mapping
Potions
 f - a potion of haste
 h - a potion of brilliance {unknown}


   Skills:
 + Level 3.0 Fighting
 + Level 1.7 Short Blades
 + Level 1.7 Dodging
 + Level 4.6 Stealth


You couldn't memorise any spells.
You didn't know any spells.
Your spell library was empty.

Dungeon Overview and Level Annotations

Branches:
Dungeon (6/15)
 Temple: D:4-7

Altars:


Message History

You start resting.
HP restored.
You start waiting.
Done waiting.
A centaur skeleton comes into view.
Found a stone staircase leading up.
The centaur skeleton barely misses you.
You hit the centaur skeleton.
The centaur skeleton is lightly damaged.
The centaur skeleton hits you but does no damage.
The centaur skeleton closely misses you.
You hit the centaur skeleton.
The centaur skeleton is lightly damaged.
The centaur skeleton completely misses you.
You hit the centaur skeleton but do no damage.
The centaur skeleton is lightly damaged.
The centaur skeleton hits you.
You hit the centaur skeleton.
The centaur skeleton is moderately damaged.
The centaur skeleton hits you but does no damage. x2
You hit the centaur skeleton.
The centaur skeleton is moderately damaged.
The centaur skeleton barely misses you.
You hit the centaur skeleton.
The centaur skeleton is heavily damaged.
The centaur skeleton hits you.
You hit the centaur skeleton.
The centaur skeleton is severely damaged.
The centaur skeleton completely misses you.
You hit the centaur skeleton.
The centaur skeleton is severely damaged.
The centaur skeleton hits you. The centaur skeleton misses you.
You hit the centaur skeleton.
The centaur skeleton is severely damaged.
The centaur skeleton hits you.
* * * LOW HITPOINT WARNING * * *
You hit the centaur skeleton.
The centaur skeleton is almost destroyed.
The centaur skeleton hits you.
You die...

#..# #≈≈≈≈ <..#
#≈≈≈≈≈
#..######≈≈≈≈≈
.........#≈≈≈≈
#........#≈≈≈≈##
#........#≈≈≈Z≈# #
#Z.......#≈≈≈≈≈###
#@....... #≈≈≈≈..†
#........ #≈≈≈≈.##
#........ #≈≈Z≈.##
#........##≈≈≈≈.##
#.########≈≈≈≈≈.##
#.# #≈≈≈≈≈(# #.#
##≈≈≈≈#.# #.##
#≈≈≈≈≈#.# #..##
##≈≈≈≈≈#.#


You could see a centaur skeleton.

Vanquished Creatures
  A leopard gecko (D:6)
1 creature vanquished.

Notes
Turn   | Place    | Note
-------+----------+-------------------------------------------
     0 | D:5      | Snicker the Demonspawn Delver began the quest for the Orb.
     0 | D:5      | Reached XP level 1. HP: 18/18 MP: 1/1
    19 | D:5      | Noticed a worker ant
    60 | D:6      | Noticed a worker ant
   363 | D:6      | Slain by a centaur skeleton

Illustrated notes

Levels and vault maps discovered:
D:5:      layout_basic, basic_altar
D:6:      wander_river, layout_basic, fedhas_altar_2

Action                   || total
-------------------------++-------
Melee: Short sword       ||    19
  Use: Scroll            ||     1
       Potion            ||     1
Armor: Leather armour    ||     7
Dodge: Dodged            ||     8

Table legend: (Time is in decaauts)
 A = Elapsed time spent in this place.
 B = Non-inter-level travel time spent in this place.
 C = Inter-level travel time spent in this place.
 D = Time resting spent in this place.
 E = Time spent auto-exploring this place.
 F = Levels seen in this place.
 G = Mean time per level.
                   A        B        C        D        E       F      G
               +--------+--------+--------+--------+--------+-----+--------+
         Total |    366 |    366 |      0 |    192 |     59 |   2 |  183.0 |
       Dungeon |    366 |    366 |      0 |    192 |     59 |   2 |  183.0 |
               +--------+--------+--------+--------+--------+-----+--------+

Top non-repeatable levels by time:
     D:6: 338 daAuts
     D:5: 28 daAuts
